[Event "Titled Tuesday Blitz February 21 Early 2023"]
[White "Le, Tuan Minh"]
[Black "Terry, Renato"]
[WhiteFideId "12401153"]
[BlackFideId "3803457"]
[WhiteElo "2542"]
[BlackElo "2520"]
[Result "1-0"]
[Round "08"]
[TimeControl "180+2"]
[Date "2023.02.21"]
[WhiteClock "0:00:06"]
[BlackClock "0:00:02"]

1. d4 d5 2. Nf3 Nf6 3. Bg5 c6 4. e3 Qb6 5. Qc1 Bg4 6. Ne5 Bf5 7. c4 Nbd7 8. Nxd7 Bxd7 9. Nc3 e6 10. Be2 dxc4 11. Bxc4 Qa5 12. Bh4 Bd6 13. Bg3 Bxg3 14. hxg3 e5 15. Qd2 Rd8 16. Rd1 O-O 17. O-O exd4 18. exd4 Qh5 19. f3 Bc8 20. Rfe1 Rfe8 21. Qf4 Qf5 22. Qc7 Qd7 23. Rxe8+ Rxe8 24. Qf4 Qd8 25. d5 Qb6+ 26. Kh2 Qxb2 27. Rd3 h6 28. dxc6 bxc6 29. Ne4 Be6 30. Rd2 Qa1 31. Bxe6 fxe6 32. Nd6 Rd8 33. Qe3 e5 34. Qb3+ Kh7 35. Qc2+ Kg8 36. Qxc6 Qb1 37. Qc4+ Kh7 38. Qe2 e4 39. fxe4 Rd7 40. e5 Ng8 41. Qg4 Re7 42. Nf5 Rf7 43. Nh4 Qb6 44. e6 Rf6 45. Qe4+ Kh8 46. Ng6+ Kh7 47. Nf8+ 1-0


[Site "https://www.chess.com"]

[Event "Titled Tuesday Blitz February 21 Early 2023"]
[White "Ibarra Jerez, Jose Carlos"]
[Black "Daneshvar, Bardiya"]
[WhiteFideId "2226332"]
[BlackFideId "12576468"]
[WhiteElo "2563"]
[BlackElo "2540"]
[Result "0-1"]
[Round "08"]
[TimeControl "180+2"]
[Date "2023.02.21"]
[WhiteClock "0:00:04"]
[BlackClock "0:00:09"]

1. e4 c6 2. Nf3 d5 3. d3 g6 4. Qe2 Bg7 5. g3 e5 6. exd5 Ne7 7. d6 Qxd6 8. Nbd2 Qc7 9. Bg2 O-O 10. O-O Nd5 11. Re1 Re8 12. a4 Nd7 13. Nc4 N7b6 14. a5 Nxc4 15. dxc4 Nf6 16. Bd2 e4 17. Bf4 Qd8 18. Nd2 Nh5 19. Be3 Bxb2 20. Nxe4 Bxa1 21. Rxa1 Bf5 22. Rd1 Qxa5 23. Nd6 Nf6 24. Nxe8 Rxe8 25. h3 a6 26. g4 Be4 27. Bf1 h5 28. c3 hxg4 29. hxg4 g5 30. f3 Bg6 31. Qd2 Qe5 32. Bxg5 Nh7 33. Bf4 Qf6 34. Kf2 Nf8 35. Re1 Rxe1 36. Kxe1 Ne6 37. Be3 Qxf3 38. Be2 Qh1+ 39. Kf2 Qh4+ 40. Kf1 Be4 41. Qd6 Qh1+ 42. Kf2 Qh4+ 43. Kf1 Qh1+ 44. Kf2 Qg2+ 45. Ke1 Bf3 46. Qb8+ Kg7 47. Qe5+ Kg8 48. Qb8+ Kh7 49. Bd3+ Be4 50. Be2 b5 51. cxb5 axb5 52. Qe5 Bg6 53. Kd2 c5 54. g5 b4 55. cxb4 cxb4 56. Bd4 Nxd4 57. Qxd4 Qxg5+ 58. Ke1 Qg3+ 59. Kd2 Qg5+ 60. Ke1 Qc1+ 61. Kf2 Qc3 62. Qh4+ Kg7 63. Bc4 b3 64. Bxb3 Qxb3 65. Qd4+ f6 66. Qd7+ Qf7 67. Qd4 Qe7 68. Qd2 Qe5 69. Qd7+ Bf7 70. Qg4+ Qg5 71. Qd7 Qf4+ 72. Kg2 Kg6 73. Kh1 Qh4+ 74. Kg1 Qg3+ 75. Kh1 Qe1+ 76. Kh2 Qe5+ 77. Kh1 Bd5+ 78. Kg1 Qg3+ 79. Kf1 Bc4+ 80. Qd3+ Bxd3# 0-1


[Site "https://www.chess.com"]

[Event "Titled Tuesday Blitz February 21 Early 2023"]
[White "Bacrot, Etienne"]
[Black "Alekseenko, Kirill"]
[WhiteFideId "605506"]
[BlackFideId "4135539"]
[WhiteElo "2667"]
[BlackElo "2686"]
[Result "1-0"]
[Round "08"]
[TimeControl "180+2"]
[Date "2023.02.21"]
[WhiteClock "0:00:06"]
[BlackClock "0:00:09"]

1. e4 e5 2. Nf3 Nc6 3. Bb5 a6 4. Ba4 d6 5. O-O Bd7 6. c3 Nge7 7. d4 Ng6 8. Be3 Be7 9. Nbd2 O-O 10. Re1 exd4 11. cxd4 Nb4 12. Bxd7 Qxd7 13. Nf1 d5 14. e5 f5 15. exf6 Bxf6 16. Qb3 Nc6 17. Rac1 Na5 18. Qc3 Nc4 19. b3 Nxe3 20. Rxe3 c6 21. Rce1 Rae8 22. Ng3 Bd8 23. Qb4 Rxe3 24. Rxe3 Be7 25. Qb6 Bd6 26. Ne5 Bxe5 27. dxe5 Nf4 28. Qd4 Ne6 29. Qd2 d4 30. Re1 Qd5 31. h4 c5 32. Ne4 h6 33. Nd6 b5 34. Qd3 Qxg2+ 35. Kxg2 Nf4+ 36. Kg3 Nxd3 37. Re4 Nxf2 38. Re2 Nd3 39. e6 Nf4 40. Re5 Nxe6 41. Rxe6 d3 42. Re3 Rd8 43. Rxd3 c4 44. bxc4 bxc4 45. Rd4 c3 46. Nf5 Rxd4 47. Nxd4 Kf7 48. Kf4 Kf6 49. h5 g6 50. hxg6 Kxg6 51. Ke4 h5 52. Kd3 h4 53. Nf3 h3 54. Kxc3 Kf5 55. Kd3 Kf4 56. Ke2 Kg3 57. Ke3 a5 58. a4 Kg4 59. Nh2+ Kg3 60. Nf1+ Kg2 61. Ke2 h2 62. Nxh2 Kxh2 63. Kd3 Kg3 64. Kc4 Kf4 65. Kb5 Ke5 66. Kxa5 Kd6 67. Kb6 1-0


[Site "https://www.chess.com"]

[Event "Titled Tuesday Blitz February 21 Early 2023"]
[White "Erigaisi Arjun"]
[Black "Zemlyanskii, Ivan"]
[WhiteFideId "35009192"]
[BlackFideId "24249971"]
[WhiteElo "2701"]
[BlackElo "2300"]
[Result "1-0"]
[Round "08"]
[TimeControl "180+2"]
[Date "2023.02.21"]
[WhiteClock "0:00:05"]
[BlackClock "0:00:02"]

1. c4 c6 2. Nf3 d5 3. e3 Nf6 4. Nc3 e6 5. b3 Nbd7 6. Bb2 Bd6 7. d4 e5 8. cxd5 cxd5 9. dxe5 Nxe5 10. Bb5+ Bd7 11. O-O O-O 12. h3 Be6 13. Nd4 a6 14. Be2 Rc8 15. Rc1 Bb8 16. f4 Nc6 17. Bf3 Ba7 18. Nce2 Re8 19. Qd2 Bd7 20. Rfe1 Qe7 21. Ng3 Nxd4 22. Bxd4 Rxc1 23. Rxc1 Bxd4 24. exd4 Ne4 25. Bxe4 dxe4 26. Qe3 Bc6 27. Rc5 Qd6 28. Rg5 g6 29. Nf5 Qf6 30. Nh6+ Kg7 31. Ng4 Qd6 32. d5 f6 33. dxc6 fxg5 34. Qc3+ Kf7 35. cxb7 gxf4 36. Nh6+ Ke6 37. Qc8+ Ke7 38. Qc4 e3 39. Qf7+ Kd8 40. Qxh7 Qb6 41. Nf7+ Ke7 42. Ne5+ Ke6 43. Qxg6+ Kxe5 44. Qxb6 1-0


[Site "https://www.chess.com"]

[Event "Titled Tuesday Blitz February 21 Early 2023"]
[White "Kukhmazov, Arsen"]
[Black "Svane, Rasmus"]
[WhiteFideId "24108260"]
[BlackFideId "4657101"]
[WhiteElo "2512"]
[BlackElo "2623"]
[Result "1-0"]
[Round "08"]
[TimeControl "180+2"]
[Date "2023.02.21"]
[WhiteClock "0:00:08"]
[BlackClock "0:00:23"]

1. d4 Nf6 2. Nf3 d5 3. c4 e6 4. e3 Be7 5. b3 O-O 6. Bd3 b6 7. O-O Bb7 8. Bb2 Nbd7 9. Nc3 c5 10. Qe2 dxc4 11. bxc4 Qc7 12. Rfd1 cxd4 13. exd4 Rfe8 14. h3 Rac8 15. Rac1 Bf8 16. Qe3 Qb8 17. Ne4 Nxe4 18. Bxe4 Bxe4 19. Qxe4 b5 20. c5 Nf6 21. Qe2 Nd5 22. Ne5 a6 23. Rb1 Qc7 24. Qf3 g6 25. Bc1 Bg7 26. Re1 Rf8 27. h4 Ne7 28. Bf4 Qd8 29. Rbd1 Qd5 30. Qb3 Rfd8 31. Nf3 Nc6 32. Bd6 Qxb3 33. axb3 Bf8 34. d5 exd5 35. Rxd5 Nb4 36. Rd2 f6 37. g4 Re8 38. Red1 Nc6 39. g5 f5 40. Bxf8 Kxf8 41. Rd6 Red8 42. Rf6+ Kg7 43. Rxd8 Rxd8 44. Rxc6 Rd3 45. Kg2 a5 46. Rc7+ Kg8 47. c6 Rc3 48. Ne5 Rc5 49. Nd7 Rc3 50. Nf6+ Kf8 51. Rc8+ Ke7 52. Nd5+ Kd6 53. Nxc3 a4 54. Nxb5+ Kc5 55. bxa4 Kb4 56. c7 f4 57. Rb8 f3+ 58. Kxf3 Ka5 59. c8=Q Kb4 1-0


[Site "https://www.chess.com"]

[Event "Titled Tuesday Blitz February 21 Early 2023"]
[White "Kilic, Eray"]
[Black "Paravyan, David"]
[WhiteFideId "44517173"]
[BlackFideId "4194985"]
[WhiteElo "2414"]
[BlackElo "2601"]
[Result "0-1"]
[Round "08"]
[TimeControl "180+2"]
[Date "2023.02.21"]
[WhiteClock "0:00:02"]
[BlackClock "0:00:08"]

1. e4 e5 2. Nf3 Nf6 3. Nxe5 d6 4. Nf3 Nxe4 5. c4 Nc6 6. Nc3 Nxc3 7. dxc3 g6 8. Bd3 Qe7+ 9. Be3 Bh6 10. O-O Bxe3 11. Re1 Bxf2+ 12. Kxf2 Ne5 13. Qe2 Bg4 14. Be4 O-O 15. Kg1 Rfe8 16. Qf1 Bxf3 17. gxf3 Qg5+ 18. Kh1 Qf4 19. Rad1 c6 20. Rd4 Nxf3 21. Re2 c5 22. Rd3 Rxe4 23. Rxf3 Qe5 24. Rff2 Re8 25. Rxe4 Qxe4+ 26. Kg1 f5 27. Rf4 Qe3+ 28. Rf2 Kg7 29. Qg2 Qe4 30. Qg5 Qg4+ 31. Qxg4 Re1+ 32. Kg2 fxg4 33. Rd2 h5 34. b4 Kh6 35. Rxd6 Re2+ 36. Kg3 Re3+ 37. Kf2 Rxc3 38. bxc5 Rxc4 39. Rd7 Rxc5 40. Rxb7 Rc2+ 41. Kg3 Rxa2 42. Rb8 a5 43. Rb5 a4 44. Ra5 a3 45. h3 gxh3 46. Kxh3 Ra1 47. Kh2 a2 48. Kg2 h4 49. Kh2 g5 50. Ra4 Kh5 51. Kg2 h3+ 52. Kh2 g4 53. Ra3 Kg5 54. Ra4 g3+ 55. Kxh3 Rh1+ 56. Kg2 a1=Q 57. Rg4+ Kf6 58. Rf4+ Ke7 59. Re4+ Kd6 60. Kf3 Qf1+ 61. Kg4 g2 0-1


[Site "https://www.chess.com"]

[Event "Titled Tuesday Blitz February 21 Early 2023"]
[White "Sarana, Alexey"]
[Black "Timofeev, Artyom"]
[WhiteFideId "24133795"]
[BlackFideId "4140419"]
[WhiteElo "2685"]
[BlackElo "2567"]
[Result "1-0"]
[Round "08"]
[TimeControl "180+2"]
[Date "2023.02.21"]
[WhiteClock "0:00:14"]
[BlackClock "0:00:09"]

1. c4 e5 2. g3 Nf6 3. Bg2 Bc5 4. Nc3 O-O 5. Nf3 d6 6. d4 exd4 7. Nxd4 h6 8. O-O Re8 9. e3 a5 10. b3 c6 11. Bb2 Bg4 12. Qd2 Nbd7 13. Na4 Ne5 14. f3 Bh5 15. Rad1 Bg6 16. Nxc5 dxc5 17. Ne2 Nd3 18. Bc3 Nb4 19. e4 a4 20. a3 Na6 21. bxa4 Nc7 22. a5 Ne6 23. Qb2 Qe7 24. Rd2 Red8 25. Rfd1 Rxd2 26. Rxd2 Ne8 27. Qb3 Nd6 28. h3 f6 29. e5 fxe5 30. Bxe5 Nf5 31. f4 Bf7 32. Qc3 Nfd4 33. Nxd4 Nxd4 34. Bxd4 cxd4 35. Rxd4 Qc5 36. Kh2 Qxa5 37. Qd3 Qc5 38. Be4 Kf8 39. Rd8+ Rxd8 40. Qxd8+ Be8 41. Qd3 Bf7 42. h4 Bxc4 43. Qd8+ Kf7 44. Qd7+ Qe7 45. Bg6+ Kf6 46. Qf5# 1-0


[Site "https://www.chess.com"]

[Event "Titled Tuesday Blitz February 21 Early 2023"]
[White "Hakobyan, Aram"]
[Black "Chigaev, Maksim"]
[WhiteFideId "13306677"]
[BlackFideId "4108116"]
[WhiteElo "2608"]
[BlackElo "2628"]
[Result "1-0"]
[Round "08"]
[TimeControl "180+2"]
[Date "2023.02.21"]
[WhiteClock "0:00:37"]
[BlackClock "0:00:13"]

1. e4 c5 2. Nf3 e6 3. g3 Nc6 4. Bg2 Nf6 5. d3 d6 6. O-O Be7 7. Re1 O-O 8. c3 e5 9. Nbd2 h6 10. a4 Re8 11. Nf1 Bf8 12. Ne3 g6 13. Rb1 Bg7 14. b4 b6 15. b5 Na5 16. c4 Rf8 17. Bd2 Be6 18. Bc3 Nh7 19. Nd2 Nb7 20. Qc2 Ng5 21. Rf1 Nh3+ 22. Kh1 Qg5 23. Rbe1 Rae8 24. Qb2 Qh5 25. f4 exf4 26. Bxg7 fxe3 27. Rxe3 Ng5 28. Nf3 Nh7 29. Bxf8 Rxf8 30. Nh4 Qe5 31. Qf2 Ng5 32. Nxg6 1-0


[Site "https://www.chess.com"]

[Event "Titled Tuesday Blitz February 21 Early 2023"]
[White "Vokhidov, Shamsiddin"]
[Black "Deac, Bogdan-Daniel"]
[WhiteFideId "14204223"]
[BlackFideId "1226380"]
[WhiteElo "2586"]
[BlackElo "2700"]
[Result "0-1"]
[Round "08"]
[TimeControl "180+2"]
[Date "2023.02.21"]
[WhiteClock "0:00:01"]
[BlackClock "0:00:03"]

1. e4 c6 2. Nf3 d5 3. Nc3 a6 4. d4 Bg4 5. h3 Bh5 6. Be2 e6 7. O-O Nf6 8. Bg5 Be7 9. exd5 cxd5 10. Ne5 Bxe2 11. Nxe2 Nc6 12. Nf4 O-O 13. Nxc6 bxc6 14. Nd3 h6 15. Bf4 a5 16. a4 Ne4 17. Qe2 Qb6 18. c3 c5 19. dxc5 Nxc5 20. Be3 Qa6 21. Bxc5 Bxc5 22. Rfe1 Bd6 23. Ne5 Qxe2 24. Rxe2 Rfc8 25. Nd3 Rab8 26. g3 Rc4 27. h4 g5 28. hxg5 hxg5 29. Kf1 Kg7 30. Ke1 Kf6 31. Kd2 d4 32. cxd4 Rxd4 33. Kc3 e5 34. Re3 Rc8+ 35. Kb3 e4 36. Ne1 Rb4+ 37. Ka2 Rxa4+ 38. Kb1 Rxa1+ 39. Kxa1 Ke5 40. Nf3+ Kd5 41. Nxg5 f5 42. f3 Re8 43. fxe4+ fxe4 44. Kb1 Kd4 45. Re2 e3 46. Kc2 Rc8+ 47. Kd1 Kd3 48. Nf3 Rc1+ 49. Kxc1 Kxe2 50. Nd4+ Kd3 51. Nc2 Bxg3 52. b4 a4 53. b5 e2 54. b6 a3 55. b7 a2 0-1


[Site "https://www.chess.com"]

[Event "Titled Tuesday Blitz February 21 Early 2023"]
[White "Korobov, Anton"]
[Black "Livaic, Leon"]
[WhiteFideId "14105730"]
[BlackFideId "14531534"]
[WhiteElo "2664"]
[BlackElo "2579"]
[Result "1/2-1/2"]
[Round "08"]
[TimeControl "180+2"]
[Date "2023.02.21"]
[WhiteClock "0:00:12"]
[BlackClock "0:00:07"]

1. c4 e6 2. Nc3 d5 3. d4 Nf6 4. cxd5 exd5 5. Bg5 Be7 6. e3 O-O 7. Bd3 Re8 8. Qc2 h6 9. Bh4 c5 10. Nge2 Nc6 11. a3 cxd4 12. exd4 Ne4 13. Bxe7 Rxe7 14. O-O Bf5 15. Bxe4 Bxe4 16. Qd2 Qd6 17. Rad1 Rae8 18. f3 Bg6 19. Nf4 Rd7 20. Ncxd5 Red8 21. Rfe1 Qf8 22. Nxg6 fxg6 23. Nc3 Nxd4 24. Qf2 Kh7 25. Kh1 Qf5 26. Ne4 Nc6 27. Rxd7 Rxd7 28. h3 Ne5 29. Qe3 Rd3 30. Ng5+ Qxg5 31. Qxg5 hxg5 32. Rxe5 Rd2 33. Rb5 b6 34. a4 Kh6 35. Kh2 Rd4 36. b3 Rd3 37. Kg3 Kh7 38. b4 Rb3 39. Kg4 Kh6 40. Kg3 Rb2 41. a5 bxa5 42. Rxa5 Rxb4 43. Rxa7 Kh7 44. Re7 Ra4 45. Re4 Ra5 46. Kg4 Kh6 47. Re8 Kh7 48. Re4 Ra2 49. Kg3 Ra5 50. Kf2 Ra2+ 51. Re2 Ra5 52. Ke3 Ra6 53. Rd2 Ra3+ 54. Rd3 Ra2 55. g4 Rh2 56. Rd5 Rxh3 57. Rxg5 Rh1 58. Ra5 Re1+ 59. Kf4 Rb1 60. Kg5 Rb3 61. f4 Rb7 62. Re5 Ra7 63. Re6 Ra5+ 64. Kh4 Ra4 65. Kg5 Ra5+ 66. Kh4 Ra4 67. Kg5 Ra5+ 1/2-1/2


[Site "https://www.chess.com"]

[Event "Titled Tuesday Blitz February 21 Early 2023"]
[White "Rakhmanov, Aleksandr"]
[Black "Yilmaz, Mustafa"]
[WhiteFideId "4173708"]
[BlackFideId "6302718"]
[WhiteElo "2632"]
[BlackElo "2641"]
[Result "1/2-1/2"]
[Round "08"]
[TimeControl "180+2"]
[Date "2023.02.21"]
[WhiteClock "0:00:06"]
[BlackClock "0:00:01"]

1. d4 Nf6 2. c4 e6 3. Nc3 Bb4 4. Nf3 d5 5. e3 O-O 6. Bd2 b6 7. cxd5 exd5 8. Rc1 Bb7 9. Bd3 Be7 10. O-O c5 11. dxc5 bxc5 12. Re1 Re8 13. Bb1 Na6 14. e4 dxe4 15. Nxe4 Nxe4 16. Bxe4 Bxe4 17. Rxe4 Bf6 18. Rxe8+ Qxe8 19. b3 Rd8 20. Qc2 Nb4 21. Bxb4 cxb4 22. Re1 Qd7 23. g3 Bc3 24. Re4 g6 25. Kg2 Qd1 26. Qxd1 Rxd1 27. Re8+ Kg7 28. Re7 a5 29. Ra7 Rd5 30. h4 h6 31. Kf1 g5 32. hxg5 hxg5 33. Ra6 g4 34. Nh4 f5 35. Ng6 Rd1+ 36. Kg2 Rd2 37. Nh4 Rxa2 38. Nxf5+ Kf7 39. Ne3 a4 40. bxa4 b3 41. Rb6 b2 42. Nd1 Bd4 43. Rb4 Rxa4 44. Rb7+ Ke6 45. Nxb2 Ra2 46. Nd3 Kd5 47. Rd7+ Ke4 48. Nf4 Rxf2+ 49. Kh1 Rf1+ 50. Kg2 Rf2+ 51. Kh1 Be3 52. Ng2 Rf1+ 53. Kh2 Bg1+ 54. Kh1 Bd4+ 55. Kh2 Bg1+ 56. Kh1 Bc5+ 57. Kh2 Bg1+ 1/2-1/2


[Site "https://www.chess.com"]

[Event "Titled Tuesday Blitz February 21 Early 2023"]
[White "Kovalenko, Igor"]
[Black "Ahmadzada, Ahmad"]
[WhiteFideId "14117908"]
[BlackFideId "13413007"]
[WhiteElo "2674"]
[BlackElo "2488"]
[Result "0-1"]
[Round "08"]
[TimeControl "180+2"]
[Date "2023.02.21"]
[WhiteClock "0:01:02"]
[BlackClock "0:00:09"]

1. c4 c5 2. Nc3 Nc6 3. Nf3 g6 4. e3 Bg7 5. d4 d6 6. Be2 Nf6 7. d5 Na5 8. O-O O-O 9. h3 e6 10. e4 exd5 11. cxd5 Re8 12. Nd2 a6 13. a4 c4 14. Re1 Qc7 15. Bf1 Bd7 16. Ra3 b5 17. axb5 axb5 18. Na2 Nb7 19. f3 Nc5 20. g4 h6 21. Kg2 g5 22. Nb4 Nh7 23. Be2 Nf8 24. Nf1 Ng6 25. Ng3 Nf4+ 26. Kh2 Be5 27. Bf1 h5 28. Bxf4 Bxf4 29. gxh5 Rxa3 30. bxa3 Qd8 31. Nc6 Qf6 32. Qd4 Qxd4 33. Nxd4 Ra8 34. Ra1 Be5 35. Rd1 Rxa3 36. Kg2 c3 37. Nge2 b4 38. Rb1 b3 39. Kf2 c2 40. Nxc2 bxc2 41. Rc1 Nd3+ 0-1


[Site "https://www.chess.com"]

[Event "Titled Tuesday Blitz February 21 Early 2023"]
[White "Nihal Sarin"]
[Black "Madaminov, Mukhiddin"]
[WhiteFideId "25092340"]
[BlackFideId "14210703"]
[WhiteElo "2673"]
[BlackElo "2422"]
[Result "1-0"]
[Round "08"]
[TimeControl "180+2"]
[Date "2023.02.21"]
[WhiteClock "0:01:59"]
[BlackClock "0:00:33"]

1. Nf3 Nf6 2. b3 g6 3. Bb2 Bg7 4. e3 O-O 5. d4 c5 6. dxc5 Qa5+ 7. c3 Qxc5 8. Ba3 Qb6 9. Bxe7 Re8 10. Bxf6 Bxf6 11. Be2 Nc6 12. O-O d6 13. Nd4 Nxd4 14. cxd4 Be6 15. Nc3 Rac8 16. Qd2 a6 17. Rac1 h5 18. Bf3 Bg7 19. Nd5 Bxd5 20. Bxd5 Qb5 21. Bc4 Qd7 22. Bd5 Qb5 23. Bf3 Bf6 24. Rc2 Kg7 25. Rfc1 Qd7 26. Rc3 a5 27. Qc2 Rxc3 28. Qxc3 b6 29. Bc6 1-0


[Site "https://www.chess.com"]

[Event "Titled Tuesday Blitz February 21 Early 2023"]
[White "Kramnik, Vladimir"]
[Black "Talibov, Shiroghlan"]
[WhiteFideId "4101588"]
[BlackFideId "13429078"]
[WhiteElo "2753"]
[BlackElo "2359"]
[Result "1-0"]
[Round "08"]
[TimeControl "180+2"]
[Date "2023.02.21"]
[WhiteClock "0:00:56"]
[BlackClock "0:00:35"]

1. Nf3 Nf6 2. g3 c5 3. Bg2 Nc6 4. O-O e5 5. d3 d5 6. e4 d4 7. a4 Be7 8. Na3 h6 9. Nh4 O-O 10. Nf5 Bxf5 11. exf5 Qd7 12. g4 Rfe8 13. Nc4 Nd5 14. Qf3 Rad8 15. Re1 Bg5 16. Qxd5 Qxd5 17. Bxd5 Rxd5 18. f4 Bf6 19. g5 hxg5 20. fxg5 Bd8 21. Bd2 Ne7 22. Rf1 g6 23. f6 Nf5 24. Rae1 b6 25. Re4 a6 26. Rfe1 Bc7 27. Bf4 Nd6 28. Rxe5 Rexe5 29. Rxe5 Rxe5 30. Nxe5 Ne8 31. Kf2 Nd6 32. Kf3 Kf8 33. a5 1-0


[Site "https://www.chess.com"]

[Event "Titled Tuesday Blitz February 21 Early 2023"]
[White "Shimanov, Aleksandr"]
[Black "Fier, Alexandr"]
[WhiteFideId "4198603"]
[BlackFideId "2107139"]
[WhiteElo "2581"]
[BlackElo "2589"]
[Result "1-0"]
[Round "08"]
[TimeControl "180+2"]
[Date "2023.02.21"]
[WhiteClock "0:00:06"]
[BlackClock "0:00:44"]

1. e4 c5 2. d4 cxd4 3. Qxd4 Nc6 4. Qd3 g6 5. Nc3 Bg7 6. Nf3 d6 7. Be2 Nf6 8. O-O O-O 9. Nd5 Nd7 10. c3 Nc5 11. Qc2 Bg4 12. Bg5 Bxf3 13. Bxf3 Rc8 14. Rad1 h6 15. Be3 Ne6 16. Qd2 a6 17. Bxh6 Ne5 18. Be2 b5 19. Bxg7 Kxg7 20. f4 Nc4 21. Bxc4 Rxc4 22. f5 Nc5 23. b3 Rxe4 24. f6+ exf6 25. Nxf6 Re5 26. Qxd6 Qxd6 27. Rxd6 Re3 28. Rc6 Ne6 29. h3 Rd8 30. Rxa6 Rd2 31. Ng4 Ree2 32. Rf2 f5 33. Ra7+ Kf8 34. Rxe2 Rxe2 35. Nf6 Nf4 36. Kf1 Rc2 37. Nd7+ Ke8 38. Ne5 Nxg2 39. Nxg6 f4 40. Re7+ Kd8 41. Re4 f3 42. Ne5 Rxc3 43. Kf2 Rc2+ 44. Kxf3 Rxa2 45. Rb4 Ne1+ 46. Kg4 Rg2+ 47. Kf5 Kc7 48. Rxb5 Rg3 49. h4 Rh3 50. Kg4 Rh1 51. Nf3 Ng2 52. Rc5+ Kd6 53. Rc3 Ke7 54. Kg3 Ne1 55. Nxe1 Rxe1 56. Rf3 Rg1+ 57. Kf4 Kf6 58. Ke4+ Ke6 59. Rh3 Rg4+ 60. Kd3 Kf6 61. h5 Kg7 62. Kc3 Re4 63. b4 Re8 64. h6+ Kh7 65. b5 Rc8+ 66. Kb4 Rc1 67. b6 Rb1+ 68. Rb3 Rf1 69. b7 Rf8 70. Kc5 Rf5+ 71. Kd6 Rf6+ 72. Ke7 Rf5 73. b8=Q Re5+ 74. Qxe5 1-0


[Site "https://www.chess.com"]

[Event "Titled Tuesday Blitz February 21 Early 2023"]
[White "Navara, David"]
[Black "Halkias, Stelios"]
[WhiteFideId "309095"]
[BlackFideId "4201809"]
[WhiteElo "2678"]
[BlackElo "2511"]
[Result "1-0"]
[Round "08"]
[TimeControl "180+2"]
[Date "2023.02.21"]
[WhiteClock "0:00:08"]
[BlackClock "0:00:07"]

1. d4 Nf6 2. c4 g6 3. Nc3 Bg7 4. e4 d6 5. Nf3 O-O 6. Be2 e5 7. O-O h6 8. Re1 Nbd7 9. Bf1 Re8 10. d5 a5 11. b3 Nc5 12. Rb1 Nh7 13. a3 f5 14. b4 axb4 15. axb4 Nxe4 16. Nxe4 fxe4 17. Nd2 Nf6 18. h3 h5 19. Rb3 Bf5 20. c5 Ra1 21. Bc4 Kh8 22. Nf1 Rf8 23. Ra3 Rb1 24. Rb3 Ra1 25. Qd2 Ng8 26. Bb2 Bh6 27. Qe2 Rxe1 28. Qxe1 Ne7 29. Ng3 Qd7 30. Nxe4 Bxe4 31. Qxe4 Rf4 32. Qe2 Nf5 33. g3 Nd4 34. Qd1 Nxb3 35. gxf4 Nd4 36. fxe5 dxe5 37. Bxd4 exd4 38. Qxd4+ Bg7 39. Qd3 Qe7 40. Qxg6 Qe5 41. d6 cxd6 42. cxd6 Qe1+ 43. Kg2 Qe5 44. d7 Qe7 45. Qxh5+ Bh6 46. Qxh6+ Qh7 47. d8=Q# 1-0


[Site "https://www.chess.com"]

[Event "Titled Tuesday Blitz February 21 Early 2023"]
[White "Demchenko, Anton"]
[Black "Golubka, Petro"]
[WhiteFideId "4160258"]
[BlackFideId "14114224"]
[WhiteElo "2623"]
[BlackElo "2371"]
[Result "0-1"]
[Round "08"]
[TimeControl "180+2"]
[Date "2023.02.21"]
[WhiteClock "0:00:05"]
[BlackClock "0:00:16"]

1. e4 c5 2. Nc3 Nc6 3. Bb5 Na5 4. a4 a6 5. Be2 e6 6. Nf3 b6 7. O-O Bb7 8. d4 cxd4 9. Qxd4 Nc6 10. Qe3 Bc5 11. Qf4 Nge7 12. Qg3 O-O 13. h4 f5 14. Bh6 Ng6 15. h5 f4 16. Qg4 gxh6 17. hxg6 Qf6 18. Rad1 Rad8 19. e5 Nxe5 20. Nxe5 Qxe5 21. gxh7+ Kxh7 22. Bd3+ Kh8 23. Rfe1 Qg5 24. Qxg5 hxg5 25. Be4 d5 26. Bf3 Bc8 27. Re5 Be7 28. Bg4 Bf6 29. Re2 Rfe8 30. Rde1 d4 31. Ne4 Kg7 32. Rd2 Bb7 33. f3 e5 34. Nf2 a5 35. Bf5 Bc6 36. b3 Rh8 37. Be4 Bd7 38. Kf1 Rh6 39. Ke2 b5 40. axb5 Bxb5+ 41. Bd3 Bc6 42. Ra1 Ra8 43. Rdd1 Be7 44. Be4 Bb5+ 0-1


[Site "https://www.chess.com"]

[Event "Titled Tuesday Blitz February 21 Early 2023"]
[White "Lagno, Kateryna"]
[Black "Mitrabha, Guha"]
[WhiteFideId "14109336"]
[BlackFideId "5057000"]
[WhiteElo "2558"]
[BlackElo "2507"]
[Result "0-1"]
[Round "08"]
[TimeControl "180+2"]
[Date "2023.02.21"]
[WhiteClock "0:00:03"]
[BlackClock "0:00:27"]

1. e4 c6 2. d4 d5 3. e5 Bf5 4. Nd2 e6 5. Nb3 Nd7 6. Nf3 Ne7 7. Be2 Bg6 8. a4 a5 9. O-O Nf5 10. Bd2 Be7 11. Qe1 b6 12. c4 dxc4 13. Bxc4 O-O 14. h3 Nb8 15. Rc1 Na6 16. g4 Nh6 17. Qe2 Nb4 18. Ne1 Kh8 19. Bxh6 gxh6 20. f4 b5 21. axb5 a4 22. Nd2 Qxd4+ 23. Kh2 Rfd8 24. Nb1 cxb5 25. Bxb5 Na2 26. Rc7 Bxb1 27. Rxe7 Nc1 28. Qf2 Qb4 29. Qh4 Rd2+ 30. Ng2 Rxg2+ 31. Kxg2 Be4+ 32. Kh2 Kg8 33. Be8 Nd3 34. Bxf7+ Kf8 35. Qxh6+ Kxe7 36. Qf6+ Kd7 37. Bxe6+ Kc7 38. Qf7+ Kb6 39. Kg3 Rf8 40. Qd7 Rb8 41. Kh4 Nc5 42. Qd6+ Ka5 43. Rc1 Na6 44. Qd7 Rb7 45. Qd8+ Qb6 46. Qd2+ Nb4 47. Bc8 Rc7 48. Rxc7 Qxc7 0-1


[Site "https://www.chess.com"]

[Event "Titled Tuesday Blitz February 21 Early 2023"]
[White "Dehtiarov, Roman"]
[Black "Ter-Sahakyan, Samvel"]
[WhiteFideId "14186640"]
[BlackFideId "13302531"]
[WhiteElo "2289"]
[BlackElo "2617"]
[Result "0-1"]
[Round "08"]
[TimeControl "180+2"]
[Date "2023.02.21"]
[WhiteClock "0:00:01"]
[BlackClock "0:00:46"]

1. e4 c5 2. Nc3 d6 3. f4 g6 4. Nf3 Bg7 5. Bb5+ Bd7 6. Bxd7+ Qxd7 7. O-O Nc6 8. d3 f5 9. Qe1 Nf6 10. e5 dxe5 11. Nxe5 Nxe5 12. fxe5 Nd5 13. e6 Qc6 14. Bd2 O-O 15. Nxd5 Qxd5 16. Bc3 Bd4+ 17. Bxd4 cxd4 18. Rf2 Rac8 19. Re2 Rc6 20. Qf2 Rd8 21. h4 Rxe6 22. Rxe6 Qxe6 23. Re1 Qd6 24. h5 e5 25. hxg6 hxg6 26. Qg3 Re8 27. Re2 Qf6 28. Qf3 Qf7 29. g4 e4 30. dxe4 fxe4 31. Qxf7+ Kxf7 32. Rd2 e3 33. Rd1 Kf6 34. Kg2 Ke5 35. Rf1 d3 36. cxd3 e2 37. Re1 Kd4 38. Kf2 Kxd3 39. Rh1 Kd2 40. g5 Rf8+ 0-1


[Site "https://www.chess.com"]

[Event "Titled Tuesday Blitz February 21 Early 2023"]
[White "Bernadskiy, Vitaliy"]
[Black "Leiva, Gianmarco"]
[WhiteFideId "14100371"]
[BlackFideId "3804399"]
[WhiteElo "2592"]
[BlackElo "2392"]
[Result "1-0"]
[Round "08"]
[TimeControl "180+2"]
[Date "2023.02.21"]
[WhiteClock "0:00:15"]
[BlackClock "0:00:03"]

1. e4 c5 2. Nc3 Nc6 3. Nf3 e5 4. Bc4 Be7 5. d3 d6 6. a3 Nf6 7. Rb1 O-O 8. b4 b6 9. Bg5 Nd4 10. h3 Be6 11. Bxf6 Bxf6 12. b5 Kh8 13. O-O Bd7 14. Nd5 Bg5 15. Nxd4 cxd4 16. f4 Bh6 17. f5 Qh4 18. Kh2 f6 19. g3 Qg5 20. h4 Qd2+ 21. Qxd2 Bxd2 22. g4 Bh6 23. Kg2 Be8 24. Nc7 Rc8 25. Ne6 Bf7 26. Nxf8 Bxc4 27. dxc4 Rxf8 28. Rb4 Bd2 29. Ra4 Ba5 30. Kf3 Rf7 31. Ke2 g6 32. Kd3 Kg7 33. g5 Rf8 34. c5 dxc5 35. Kc4 gxf5 36. Rxf5 fxg5 37. Rxg5+ Kh6 38. Rxe5 Rf3 39. Kd5 Rc3 40. Rc4 Rxa3 41. Re7 d3 42. cxd3 Rxd3+ 43. Kc6 Rd4 44. Rxd4 cxd4 45. Rd7 Bc3 46. e5 Kh5 47. e6 Bb4 48. Rd5+ Kg6 49. Rxd4 Be7 50. Rf4 Bf6 51. Kd7 1-0


[Site "https://www.chess.com"]